 Dungeon Crawl Stone Soup version 0.26-a0-651-gb41185065b (webtiles) character file.

Game seed: 1029822863679602950

378 Irenicus the Geomancer (level 6, -4/49 HPs)
             Began as a Deep Dwarf Earth Elementalist on Oct 24, 2020.
             Was a Follower of Makhleb.
             Killed from afar by an orc wizard (5 damage)
             ... with a magic dart
             ... on level 3 of the Dungeon.
             The game lasted 00:07:02 (969 turns).

Irenicus the Geomancer (DDEE)                        Turns: 969, Time: 00:07:02

Health: -4/49      AC:  5    Str: 11    XL:     6   Next: 45%
Magic:  0/8        EV: 11    Int: 18    God:    Makhleb [*.....]
Gold:   67         SH:  0    Dex: 13    Spells: 2/8 levels left

rFire    . . .     SeeInvis +   g - +0 club
rCold    . . .     Faith    +   (no shield)
rNeg     . . .     Spirit   .   j - +0 ring mail
rPois    .         Reflect  .   (no helmet)
rElec    .         Harm     .   (no cloak)
rCorr    .         Rampage  .   (no gloves)
MR       .....                  (no boots)
Stlth    +.........             h - amulet of faith {Faith, !P}
HPRegen  0.00/turn              k - ring of see invisible {sInv, !d}
MPRegen  0.11/turn              (no ring)

@: mighty, non-regenerating
A: damage resistance, heal wounds, sense surroundings 1, no regeneration
a: Heal Wounds, Renounce Religion


You were on level 3 of the Dungeon.
You worshipped Makhleb.
Makhleb was aware of your devotion.
You visited 1 branch of the dungeon, and saw 3 of its levels.

You collected 67 gold pieces.

Inventory:

Hand Weapons
 g - a +0 club (weapon)
   (You took it off a hobgoblin on level 1 of the Dungeon)
Missiles
 b - 44 stones (quivered)
Armour
 j - a +0 ring mail (worn)
   (You found it on level 2 of the Dungeon)
Jewellery
 c - an uncursed amulet of magic regeneration {unknown}
   (You found it on level 2 of the Dungeon)
 h - an amulet of faith (around neck) {Faith, !P}
   (You found it on level 1 of the Dungeon)
 k - a ring of see invisible (left hand) {sInv, !d}
   (You found it on level 2 of the Dungeon)
Scrolls
 a - a scroll of blinking {unknown}
 i - 2 scrolls of teleportation
Potions
 e - 2 potions of lignification {!q}
 f - 2 potions of degeneration {unknown}
 l - a potion of mutation {unknown}


   Skills:
 - Level 2.1 Dodging
 - Level 2.4 Stealth
 - Level 1.7 Spellcasting
 + Level 1.2 Conjurations
 - Level 0.8 Transmutations
 - Level 9.4 Earth Magic


You had 2 spell levels left.
You knew the following spells:

 Your Spells              Type           Power        Failure   Level
a - Sandblast             Erth           #####.       1%          1
w - Passwall              Tmut/Erth      ###.....     9%          2
x - Stone Arrow           Conj/Erth      ###...       16%         3

Your spell library contained the following spells:

 Spells                   Type           Power        Failure   Level
 Lee's Rapid Deconstruct  Erth           #####.....   26%         5
 Petrify                  Tmut/Erth      ###.....     50%         4


Dungeon Overview and Level Annotations

Branches:
Dungeon (3/15)

Altars:
Elyvilon
Makhleb
Xom
Zin


Innate Abilities, Weirdness & Mutations

You are resistant to damage.
You can heal yourself by infusing magical energy.
You passively map a small area around you.
You do not regenerate.


Message History

An orc priest comes into view. It is wielding a +0 dagger.
The orc priest shouts!
An orc comes into view. It is wielding a +0 club.
The orc shouts!
You hear a shout!
An orc comes into view. It is wielding a +0 trident.
Casting: Stone Arrow (dangerous; 19% risk of failure)
Confirm with . or Enter, or press ? or * to list all spells.
Aiming: Stone Arrow (dangerous; 19% risk of failure)
Press: ? - help, Shift-Dir - straight line, f - orc priest
Aim: an orc priest, wielding a +0 dagger You miscast Stone Arrow.
You are very lightly contaminated with residual magic.
Nothing appears to happen.
An orc wizard comes into view. It is wielding a +0 dagger.
You now have 0/8 mp.
Casting: Stone Arrow (dangerous; 19% risk of failure)
Confirm with . or Enter, or press ? or * to list all spells.
You don't have enough magic to cast that spell.
Unknown command.
The orc wizard shouts!
You hear a shout!
An orc comes into view. It is wielding a +3 dagger.
The orc priest barely misses you.
The orc wizard mumbles some strange words.
The orc wizard flickers and vanishes for a moment.
You hear a shout!
You see here 18 stones.
b - 46 stones (gained 18)
You feel very mighty all of a sudden.
You sock the orc!
You kill the orc!
Makhleb accepts your kill.
The orc priest begins to cast a cantrip, but forgets the words!
The orc hits you but does no damage.
The orc priest hits you with a +0 dagger.
Things that are here:
a +0 club; an orc corpse You take 1 damage, and have 17/49 hp.
You closely miss the orc priest. The orc barely misses you.
The orc priest hits you but does no damage.
Your magical contamination has completely faded away.
You sock the orc priest!
The orc priest is heavily wounded.
The orc priest hits you with a +0 dagger.
The orc priest miscasts a cantrip.
You take 1 damage, and have 16/49 hp.
You barely miss the orc priest.
The orc priest is heavily wounded.
The orc priest calls down the wrath of Beogh upon you.
Beogh smites you!
* * * LOW HITPOINT WARNING * * *
You take 13 damage, and have 3/49 hp.
MASSIVE DAMAGE!!
You sock the orc priest!
You kill the orc priest!
Makhleb accepts your kill.
Your Conjurations skill increases to level 1!
Casting: Stone Arrow (dangerous; 16% risk of failure)
Confirm with . or Enter, or press ? or * to list all spells.
Aiming: Sandblast (safe; 1% risk of failure)
Press: ? - help, Shift-Dir - straight line, f - orc wizard
Aim: an orc wizard, wielding a +0 dagger and wearing a +0 robe (slightly transparent)
The blast of sand misses the orc wizard.
The blast of sand hits the orc!!
You kill the orc!
Makhleb accepts your kill.
b - 45 stones The orc wizard barely misses you.
You now have 0/8 mp.
You sock the orc wizard!
The orc wizard is severely wounded.
The orc wizard hits you but does no damage.
You barely miss the orc wizard.
The orc wizard is severely wounded.
The orc wizard hits you but does no damage.
The orc wizard barely misses you.
You hit the orc wizard.
The orc wizard is almost dead.
The orc wizard hits you with a +0 dagger.
You miss the orc wizard.
The orc wizard is almost dead.
The orc wizard hits you but does no damage.
Casting: Sandblast (safe; 1% risk of failure)
Confirm with . or Enter, or press ? or * to list all spells.
Aiming: Sandblast (safe; 1% risk of failure)
Press: ? - help, Shift-Dir - straight line, f/p - orc wizard
Aim: an orc wizard, wielding a +0 dagger and wearing a +0 robe (almost dead, slightly transparent)
The blast of sand misses the orc wizard.
The blast of sand hits the orc!
You kill the orc!
Makhleb accepts your kill.
b - 44 stones The orc wizard points at you and mumbles some strange words.
The magic dart hits you.
* * * LOW HITPOINT WARNING * * *
You take 2 damage, and have 1/49 hp.
You now have 0/8 mp.
You barely miss the orc wizard.
The orc wizard is almost dead.
You hear the slow rusting of a very distant drain.
The orc wizard points at you and mumbles some strange words.
The magic dart hits you!
You die...

### ..##### ......#
......#################.
>
................@o))....
,
<...<..##############...
, ....##.# ,, ....##..#
** * , .....##..# * , ,
* , .........# *, *
..[..###.# ,,, , .....##
.. , , , .<....# ...,, ,
,


You could see an orc wizard (invisible).

Vanquished Creatures
  Sigmund (D:2)
  A sky beast (D:2)
  An orc priest (D:3)
  5 adders (D:2)
  A dart slug (D:1)
  4 orcs (D:3)
  5 bats
  5 giant cockroaches
  4 goblins
  6 hobgoblins
  7 jackals
  A quokka (D:2)
  A frilled lizard (D:2)
  7 kobolds
  6 rats
55 creatures vanquished.

Notes
Turn   | Place    | Note
-------+----------+-------------------------------------------
     0 | D:1      | Irenicus the Deep Dwarf Earth Elementalist began the quest
                  | for the Orb.
     0 | D:1      | Reached XP level 1. HP: 15/15 MP: 3/3
   130 | D:1      | Reached XP level 2. HP: 20/22 MP: 0/4
   234 | D:1      | Reached skill level 5 in Earth Magic
   334 | D:2      | Noticed Sigmund
   334 | D:2      | HP: 4/22 [Sigmund/magic dart (7)]
   365 | D:2      | Reached XP level 3. HP: 28/28 MP: 1/5
   385 | D:2      | Killed Sigmund
   385 | D:2      | Reached skill level 8 in Earth Magic
   385 | D:2      | Reached XP level 4. HP: 20/36 MP: 0/6
   385 | D:2      | Reached XP level 5. HP: 24/42 MP: 0/7
   414 | D:2      | Found a glowing silver altar of Zin.
   473 | D:2      | Noticed a sky beast
   476 | D:2      | Killed a sky beast
   476 | D:2      | Reached skill level 9 in Earth Magic
   476 | D:2      | Reached XP level 6. HP: 23/49 MP: 4/8
   477 | D:2      | Found a white marble altar of Elyvilon.
   498 | D:2      | Found a burning altar of Makhleb.
   503 | D:2      | Became a worshipper of Makhleb the Destroyer
   598 | D:2      | Learned a level 2 spell: Passwall
   602 | D:2      | Learned a level 3 spell: Stone Arrow
   606 | D:2      | Found a shimmering altar of Xom.
   787 | D:1      | Reached * piety under Makhleb
   961 | D:3      | HP: 3/49 [orc priest/divine providence (13)]
   962 | D:3      | Reached skill level 1 in Conjurations
   968 | D:3      | HP: 1/49 [orc wizard/magic dart (2)]
   969 | D:3      | Killed from afar by an orc wizard

Illustrated notes

Levels and vault maps discovered:
D:1:      elethiomel_arrival_infinity_welcomes_careful_drivers, layout_basic
D:2:      layout_loops_ring, elyvilon_altar_1, nicolae_overflow_crystal_walls,
          lightli_temple_of_fire, xom_teletrap_fun, uniq_sigmund
D:3:      layout_rooms, gammafunk_temple_overflow_arena, portal_sewer_entry_f

Skill      XL: |  1  2  3  4  5  6 |
---------------+-------------------+-----
Earth Magic    | 5 8 9 |  9.4
Conjurations   | 1 |  1.2
Dodging        | |  2.1
Stealth        | |  2.4
Spellcasting   | |  1.7
Transmutations | |  0.8

Action                   |  1- 3 |  4- 6 || total
-------------------------+-------+-------++-------
Melee: Unarmed           |     4 |       ||     4
       Club              |    28 |    79 ||   107
 Cast: Sandblast         |    31 |    23 ||    54
       Stone Arrow       |       |     9 ||     9
       Passwall          |       |     3 ||     3
  Use: Potion            |     3 |     1 ||     4
       Scroll            |     2 |       ||     2
 Stab: Sleeping          |       |     1 ||     1
Armor: Robe              |    14 |       ||    14
       Skin              |    20 |       ||    20
       Ring mail         |       |    57 ||    57
Dodge: Dodged            |    43 |    84 ||   127

Table legend: (Time is in decaauts)
 A = Elapsed time spent in this place.
 B = Non-inter-level travel time spent in this place.
 C = Inter-level travel time spent in this place.
 D = Time resting spent in this place.
 E = Time spent auto-exploring this place.
 F = Levels seen in this place.
 G = Mean time per level.
                   A        B        C        D        E       F      G
               +--------+--------+--------+--------+--------+-----+--------+
         Total |   1002 |   1002 |      0 |      0 |      0 |   3 |  334.0 |
       Dungeon |   1002 |   1002 |      0 |      0 |      0 |   3 |  334.0 |
               +--------+--------+--------+--------+--------+-----+--------+

Top non-repeatable levels by time:
     D:2: 501 daAuts
     D:1: 454 daAuts
     D:3: 45 daAuts

Table legend:
 A = Kills in this place as a percentage of kills in entire the game.
 B = Kills by you in this place as a percentage of kills by you in the entire game.
 C = Kills by friends in this place as a percentage of kills by friends in the entire game.
 D = Other kills in this place as a percentage of other kills in the entire game.
 E = Experience gained in this place as a percentage of experience gained in the entire game.
 F = Experience gained in this place divided by the number of levels of this place that you have seen.
                   A       B       C       D       E      F
               +-------+-------+-------+-------+-------+----------------------
         Total | 100.0 | 100.0 |   N/A |   N/A | 100.0 | 180.0
       Dungeon | 100.0 | 100.0 |   N/A |   N/A | 100.0 | 180.0
               +-------+-------+-------+-------+-------+----------------------
